 Dungeon Crawl Stone Soup version 0.30.1-1-g62c8e00024 (webtiles) character file.

Game seed: 11180136143346432005

142 GeoRichter the Cudgeller (level 5, 0/44 HPs)
             Began as a Meteoran Gladiator on July 15, 2023.
             Was a Follower of Okawaru.
             Slain by a gnoll
             ... wielding a +0 flail
             ... led by a gnoll sergeant
              (2 damage)
             ... on level 3 of the Dungeon.
             The game lasted 00:02:51 (696 turns).

GeoRichter the Cudgeller (Meteoran Gladiator)        Turns: 696, Time: 00:02:52

Health: 0/44       AC:  7    Str: 18    XL:     5   Next: 80%
Magic:  4/7        EV: 15    Int:  9    God:    Okawaru [*.....]
Gold:   64         SH:  0    Dex: 15    Spells: 4/4 levels left

rFire   . . .        a - +0 flail
rCold   . . .        (no shield)
rNeg    . . .        k - +0 ring mail
rPois   .            c - +0 helmet
rElec   .            (no cloak)
rCorr   .            (no gloves)
SInv    .            (no boots)
Will    .....        (no amulet)
Stlth   +            (no ring)
HPRegen 0.27/turn    (no ring)
MPRegen 0.10/turn

%: no passive effects
@: heroic, glowing
A: sense surroundings 1, otherworldly, glowing, explore regen
a: Renounce Religion, Heroism


You were on level 3 of the Dungeon.
You worshipped Okawaru.
Okawaru was aware of your devotion.
You visited 1 branch of the dungeon, and saw 3 of its levels.

You collected 64 gold pieces.

Inventory:

Hand Weapons
 a - a +0 flail (weapon)
Missiles
 d - 3 throwing nets (quivered) {!f}
Armour
 c - a +0 helmet (worn)
 k - a +0 ring mail (worn)
   (You found it on level 1 of the Dungeon)
Scrolls
 g - a scroll of fear {unknown}
 h - a scroll of poison {unknown}
 i - 2 scrolls of identify {unknown}
 j - 4 scrolls of noise {unknown}
Potions
 b - a potion of heal wounds {unknown}
 f - a potion of haste {unknown}


   Skills:
 - Level 2.8(7.8) Fighting
 * Level 6.6(11.6) Maces & Flails
 - Level 2.4(7.4) Throwing
 - Level 3.6(8.6) Dodging
 + Level 2.6 Invocations


You had 4 spell levels left.
You didn't know any spells.
Your spell library contained the following spells:

 Spells                   Type           Power      Damage    Failure   Level
 Ensorcelled Hibernation  Hex/Ice        0%         N/A       71%         2
 Spider Form              Tmut/Pois      0%         N/A       90%         3
 Anguish                  Hex/Necr       0%         N/A       100%        4


Dungeon Overview and Level Annotations

Branches:
Dungeon (3/15) Zot: 1090

Altars:
Okawaru


Innate Abilities, Weirdness & Mutations

You passively map a small area around you.
You are easily found by Zot.
You glow in the dark.
You regain HP and MP as you explore.


Message History

The gnoll hits you with a +0 whip.
You thump the gnoll!
You kill the gnoll!
Okawaru accepts your kill. The ball python closely misses you.
The ball python grabs you. The ball python constricts you.
You thump the ball python!
You kill the ball python!
Okawaru accepts your kill.
You barely miss the kobold. The kobold hits you but does no damage.
The gnoll closely misses you.
You gain the combat prowess of a mighty hero.
The kobold hits you but does no damage. The gnoll barely misses you.
You hit the kobold.
You kill the kobold!
Okawaru accepts your kill. The gnoll misses you.
You hit the endoplasm.
The endoplasm is severely wounded.
The endoplasm freezes you.
You are frozen.
The gnoll closely misses you.
You hit the endoplasm.
The endoplasm is almost dead.
You hit the endoplasm.
You kill the endoplasm!
Okawaru accepts your kill. The gnoll barely misses you.
Items here: )) †††.
The gnoll hits you with a +0 flail. The gnoll hits you with a +0 halberd!
* * * LOW HITPOINT WARNING * * *
You barely miss the gnoll. The gnoll hits you with a +0 flail.
* * * LOW HITPOINT WARNING * * *
The gnoll closely misses you.
You closely miss the gnoll. The gnoll hits you with a +0 flail.
* * * LOW HITPOINT WARNING * * *
The gnoll closely misses you.
You closely miss the gnoll. The gnoll hits you with a +0 flail.
* * * LOW HITPOINT WARNING * * *
The gnoll closely misses you.
You closely miss the gnoll. The gnoll hits you with a +0 halberd.
* * * LOW HITPOINT WARNING * * *
The gnoll hits you with a +0 flail.
* * * LOW HITPOINT WARNING * * *
You sock the gnoll!
You kill the gnoll!
Okawaru accepts your kill.
You barely miss the gnoll. The gnoll barely misses you.
You barely miss the gnoll. Your punch misses the gnoll.
The gnoll hits you with a +0 flail.
You die...

*
########.#......
* *
...........#####
, * ,
#######.#### ,
#..# , * ###[##
* * , , , .
#...# , ...
#)###** , ,
#...#####)# * ,
#...(g@)# * *
####..### * * ,
, * #...# * ,
*...#.w. , #.##
..g.. *, #. ,
..Jg... , ** #
,,....g..,
....... * *
,....K..


You could see a gnoll.

Vanquished Creatures
  A gnoll sergeant (D:3)
  3 gnolls
  A worm (D:3)
  2 dart slugs
  5 endoplasms
  2 giant cockroaches (D:1)
  2 goblins (D:1)
  3 hobgoblins (D:1)
  4 jackals (D:3)
  3 quokkas
  5 ball pythons
  6 bats
  A frilled lizard (D:2)
  2 kobolds
  3 rats
43 creatures vanquished.

Notes
Turn   | Place    | Note
-------+----------+-------------------------------------------
     0 | D:1      | GeoRichter the Meteoran Gladiator began the quest for the
                  | Orb.
     0 | D:1      | Reached XP level 1. HP: 17/17 MP: 2/2
    50 | D:1      | Reached XP level 2. HP: 25/25 MP: 3/3
    81 | D:1      | Reached XP level 3. HP: 19/30 MP: 4/4
   111 | D:1      | Reached skill level 5 in Maces & Flails
   126 | D:1      | Found a faded altar of an unknown god.
   136 | D:1      | Prayed at the altar of an unknown god.
   136 | D:1      | Became a worshipper of Warmaster Okawaru
   136 | D:1      | Reached * piety under Okawaru
   371 | D:2      | Reached XP level 4. HP: 36/37 MP: 5/5
   484 | D:2      | Reached skill level 1 in Invocations
   657 | D:3      | Noticed a gnoll sergeant
   671 | D:3      | Killed a gnoll sergeant
   672 | D:3      | Reached skill level 6 in Maces & Flails
   672 | D:3      | Reached XP level 5. HP: 34/44 MP: 4/7
   693 | D:3      | HP: 1/44 [gnoll/+0 flail[a gnoll sergeant] (3)]
   696 | D:3      | Slain by a gnoll

Illustrated notes

Levels and vault maps discovered:
D:1:      onia_arrival_handbag, layout_rooms, basic_ecumenical_altar
D:2:      kb_forest_paths, layout_basic
D:3:      layout_rooms, gup_sewer_entry_pipe

Skill      XL: |  1  2  3  4 |
---------------+-------------+-----
Maces & Flails | 5 6 |  6.6
Invocations    | 2 |  2.6
Fighting       | |  2.8
Throwing       | |  2.4
Dodging        | |  3.6

Action                     |  1- 3 |  4- 6 || total
---------------------------+-------+-------++-------
  Melee: Flail             |    68 |    53 ||   121
         Punch             |     1 |     1 ||     2
  Throw: Javelin           |       |     1 ||     1
 Invoke: Heroism           |       |     2 ||     2
 Armour: Leather armour    |    20 |       ||    20
         Ring mail         |    14 |    20 ||    34
         Skin              |     1 |       ||     1
  Dodge: Dodged            |    41 |    34 ||    75
